 Dungeon Crawl Stone Soup version 0.20-a0-1122-gb7cbeb9 (webtiles) character file.

2916 anfisbena the Cleaver (level 9, -5/90 HPs)
             Began as a Hill Orc Berserker on May 14, 2017.
             Was a High Priest of Trog.
             Slain by a yak (6 damage)
             ... on level 8 of the Dungeon.
             The game lasted 00:09:14 (6720 turns).

anfisbena the Cleaver (Hill Orc Berserker)          Turns: 6720, Time: 00:09:15

Health: -5/90      AC:  8    Str: 20    XL:     9   Next: 79%
Magic:  9/9        EV:  2    Int:  7    God:    Trog [*****.]
Gold:   361        SH:  0    Dex: 13    Spells: 8/8 levels left

rFire    + . .     SeeInvis .   v - +1 war axe
rCold    + . .     Gourm    .   (no shield)
rNeg     + + +     Faith    .   w - +3 leather armour
rPois    ∞         Spirit   .   d - +1 helmet
rElec    .         Reflect  .   (no cloak)
rCorr    .         Harm     .   (no gloves)
MR       .....     Rnd*Rage +   (no boots)
Stlth    +.........             (no amulet)
Regen    0.3/turn               r - ring of protection from fire
MPRegen  0.2/turn               q - +4 ring of evasion

@: petrified, slowed
A: berserk 1, blink, cold resistance 1
a: Blink, Berserk, Trog's Hand, Brothers in Arms, Burn Spellbooks, Renounce
Religion


You were on level 8 of the Dungeon.
You worshipped Trog.
Trog was extremely pleased with you.
You were near starving.

You visited 1 branch of the dungeon, and saw 8 of its levels.

You collected 361 gold pieces.

Inventory:

Hand Weapons
 v - a +1 war axe (weapon)
Armour
 d - a +1 helmet (worn)
 w - a +3 leather armour (worn)
 y - a +0 pair of gloves
Jewellery
 i - a +3 ring of protection
 q - a +4 ring of evasion (right hand)
 r - a ring of protection from fire (left hand)
Wands
 C - a wand of acid (3/15)
Scrolls
 h - 4 scrolls of teleportation
 j - a scroll of immolation
 l - 2 scrolls of enchant weapon
 n - 3 scrolls of remove curse
 p - a scroll of fear
 D - a scroll of enchant armour
 F - a scroll of magic mapping
Potions
 a - a potion of flight {unknown}
 b - a potion of berserk rage {unknown}
 e - 2 potions of brilliance
 k - 3 potions of agility {unknown}
 o - 3 potions of curing
 s - a potion of degeneration {unknown}
 t - a potion of haste {unknown}
 u - a potion of heal wounds {unknown}
 x - a potion of mutation
 z - a potion of lignification
Books
 E - a book of Maledictions

   Spells                             Type                      Level
   a - Corona                         Hexes                        1
   b - Ensorcelled Hibernation        Hexes/Ice                    2
   c - Confuse                        Hexes                        3
   d - Tukima's Dance                 Hexes                        3
   e - Dazzling Spray                 Conjuration/Hexes            3
   Trog disapproves of the use of such an item.
Comestibles
 c - 6 bread rations
 f - 2 fruits
 g - 8 royal jellies
 m - 8 meat rations


   Skills:
 + Level 11.7 Fighting
 + Level 12.3 Axes
 - Level 2.1 Armour
 - Level 1.5 Dodging


You had 8 spell levels left.
You didn't know any spells.

Dungeon Overview and Level Annotations

Branches:
Dungeon (8/15)             Temple (0/1) D:6            Lair (0/6) D:8

Altars:
Cheibriados
Kikubaaqudgha
Makhleb
Nemelex Xobeh
Qazlal
Ru
Yredelemnul

Shops:
D:5 =


Innate Abilities, Weirdness & Mutations

You tend to lose your temper in combat.
You can translocate small distances at will.
Your flesh is cold resistant. (rC+)


Message History

You feel a strong urge to attack something.
Your limbs are stiffening.
You have turned to stone.
You are no longer berserk.
You feel yourself slow down. The yak gores you.
* * * LOW HITPOINT WARNING * * *
The yak completely misses you.
The crocodile bites you but does no damage.
The crocodile bites you!
* * * LOW HITPOINT WARNING * * *
The basilisk gazes at you. You resist with some effort. The yak gores you!
* * * LOW HITPOINT WARNING * * *
The crocodile bites you but does no damage.
The yak gores you.
* * * LOW HITPOINT WARNING * * *
The yak gores you. The crocodile bites you!
* * * LOW HITPOINT WARNING * * *
The yak gores you!
You die...

##. .. ..# # ..#
.. ...# ...##
#...#
.....######...#
#.....lY@...##
#..#...hYtY....#
#......####......
#......†hP#
#.....
..P.....P..#
#..##
P.....PYP.P.# .##
............# #
P...P.YPP....<
........P.....#


You could see 3 yaks, a basilisk, a crocodile and a jackal.

Vanquished Creatures
  Duvessa (D:4)
  2 porcupines (D:8)
  A black bear (D:4)
  2 orc warriors
  A sky beast (D:3)
  A centaur (D:7)
  6 ogres
  A phantom (D:6)
  A bullfrog (D:6)
  A wyvern zombie (D:8)
  A wyvern skeleton (D:7)
  Dowan (D:4)
  2 scorpions
  4 wights (D:5)
  A howler monkey (D:5)
  A crimson imp (D:6)
  2 bullfrog zombies
  2 orc priests
  A centaur skeleton (D:4)
  3 hounds
  An iron imp (D:2)
  8 orc wizards
  2 iguanas (D:8)
  7 worker ants
  A hound skeleton (D:6)
  13 adders
  3 gnolls (D:3)
  A shadow imp (D:6)
  2 adder zombies
  An adder skeleton (D:6)
  3 worms (D:2)
  2 dart slugs
  4 leopard geckos
  33 orcs
  A ball python (D:2)
  10 bats
  6 giant cockroaches
  8 goblins
  9 hobgoblins
  11 jackals
  2 quokkas
  6 frilled lizards
  5 kobolds
  A leopard gecko zombie (D:7)
  A quokka zombie (D:7)
  2 rats
178 creatures vanquished.

Vanquished Creatures (others)
  A fungus (D:8)
  2 plants (D:7)
3 creatures vanquished.

Grand Total: 181 creatures vanquished

Notes
Turn   | Place    | Note
-------+----------+-------------------------------------------
     0 | D:1      | anfisbena the Hill Orc Berserker began the quest for the Orb.
     0 | D:1      | Reached XP level 1. HP: 19/19 MP: 1/1
   525 | D:1      | Reached XP level 2. HP: 27/27 MP: 2/2
  1186 | D:2      | Reached skill level 5 in Axes
  1186 | D:2      | Reached XP level 3. HP: 5/34 MP: 3/3
  1481 | D:2      | Reached ** piety under Trog
  1864 | D:2      | Found a snail-covered altar of Cheibriados.
  1945 | D:2      | Reached XP level 4. HP: 41/41 MP: 4/4
  2238 | D:2      | Found an ancient bone altar of Kikubaaqudgha.
  2378 | D:2      | Found a burning altar of Makhleb.
  2394 | D:2      | Reached skill level 5 in Fighting
  2887 | D:3      | Noticed a sky beast
  2891 | D:3      | Found a faded altar of an unknown god.
  2918 | D:3      | HP: 2/63 [something (5)]
  2922 | D:3      | Killed a sky beast
  2922 | D:3      | Reached skill level 6 in Axes
  2922 | D:3      | Reached XP level 5. HP: 3/50 MP: 5/5
  2927 | D:3      | Gained mutation: You are weak. (Str -2) [mutagenic meat]
  2928 | D:3      | Gained mutation: Your system is resistant to poisons. (rPois) [mutagenic meat]
  2929 | D:3      | Gained mutation: Armour fits poorly on your strangely shaped body. [mutagenic meat]
  2930 | D:3      | Gained mutation: Your natural rate of healing is unusually fast. [mutagenic meat]
  3033 | D:3      | Reached XP level 6. HP: 57/57 MP: 6/6
  3176 | D:3      | Reached *** piety under Trog
  3184 | D:3      | Reached skill level 7 in Axes
  3432 | D:4      | Noticed Duvessa
  3432 | D:4      | Noticed Dowan
  3440 | D:4      | Killed Dowan
  3444 | D:4      | Killed Duvessa
  3444 | D:4      | Reached XP level 7. HP: 66/66 MP: 7/7
  3491 | D:4      | Reached skill level 8 in Axes
  3502 | D:4      | Found a sacrificial altar of Ru.
  3582 | D:4      | Reached skill level 9 in Axes
  3582 | D:4      | Reached XP level 8. HP: 67/75 MP: 8/8
  3788 | D:4      | Reached **** piety under Trog
  4267 | D:5      | Entered Level 5 of the Dungeon
  4333 | D:5      | Reached skill level 10 in Axes
  4483 | D:5      | Found a stormy altar of Qazlal.
  4716 | D:5      | Found Witafede's Jewellery Shoppe.
  4930 | D:5      | Found a sparkling altar of Nemelex Xobeh.
  4973 | D:6      | Received a gift from Trog
  5050 | D:6      | Reached skill level 10 in Fighting
  5054 | D:6      | Reached XP level 9. HP: 21/85 MP: 9/9
  5314 | D:6      | Reached skill level 11 in Axes
  5402 | D:6      | Found a staircase to the Ecumenical Temple.
  5862 | D:7      | Found a basalt altar of Yredelemnul.
  6223 | D:7      | Reached ***** piety under Trog
  6525 | D:7      | Lost mutation: You are weak. (Str -2) [potion of mutation]
  6525 | D:7      | Lost mutation: Armour fits poorly on your strangely shaped body. [potion of mutation]
  6525 | D:7      | Lost mutation: Your system is resistant to poisons. (rPois) [potion of mutation]
  6525 | D:7      | Lost mutation: Your natural rate of healing is unusually fast. [potion of mutation]
  6525 | D:7      | Gained mutation: Your flesh is cold resistant. (rC+) [potion of mutation]
  6525 | D:7      | Gained mutation: You tend to lose your temper in combat. [potion of mutation]
  6525 | D:7      | Gained mutation: You can translocate small distances at will. [potion of mutation]
  6599 | D:7      | Reached skill level 12 in Axes
  6701 | D:8      | Found a staircase to the Lair.
  6719 | D:8      | HP: 1/90 [crocodile (5)]
  6720 | D:8      | Slain by a yak

Vault maps used:
D:1:      minmay_arrival_cross, serial_aquarium, aquarium_bridge_square,
          aquarium_bridge_square, aquarium_window_fake, aquarium_window_fake,
          aquarium_view_2e, aquarium_view_2e, aquarium_pool_S
D:2:      mumra_celtic_spiral_tile, lemuel_crystal_altar, makhleb_grotto_becter,
          lemuel_crystal_altar
D:3:      chequers_ecumenical_altar_simple_redux
D:4:      black_bear_nest_2, nicolae_overflow_crystal_walls, first_bread,
          uniq_duvessa
D:5:      old_standard_altar, serial_curves, eino_curves_02, eino_curves_03,
          serial_shops, shop, nemelex_diamond_rough_becter
D:6:      minmay_temple_entry_butterflies
D:7:      corexii_shack_village, yredelemnul_altar_generic
D:8:      minmay_lair_entry_grove, basic_altar, uniq_gastronok, uniq_grum,
          uniq_psyche

Skill      XL: |  1  2  3  4  5  6  7  8  9 |
---------------+----------------------------+-----
Fighting       | 4 5 6 7 8 10 11 | 11.7
Axes           | 5 6 7 9 10 12 | 12.3
Armour         | |  2.1
Dodging        | |  1.5

Action                   |  1- 3 |  4- 6 |  7- 9 || total
-------------------------+-------+-------+-------++-------
Melee: Hand axe          |   113 |   119 |       ||   232
       War axe           |       |    63 |   317 ||   380
Invok: Berserk           |     2 |     3 |     3 ||     8
  Use: Potion            |     2 |       |     1 ||     3
       Scroll            |       |       |    11 ||    11
 Stab: Sleeping          |     2 |       |       ||     2
  Eat: Chunk             |     4 |    11 |    13 ||    28
       Fruit             |       |     2 |       ||     2
Armor: Animal skin       |    41 |    15 |       ||    56
       Leather armour    |       |     5 |    40 ||    45
Dodge: Dodged            |    71 |   128 |   256 ||   455
